 Dungeon Crawl Stone Soup version 0.31-a0-816-gd61d57ddb1 (webtiles) character file.

Game seed: 3872852484367732533

142 Essalna the Conjurer (level 5, 35/35 HPs)
             Began as a Demonspawn Conjurer on Sept 22, 2023.
             Got out of the dungeon alive.
             The game lasted 00:02:41 (1948 turns).

Essalna the Conjurer (Demonspawn Conjurer)          Turns: 1948, Time: 00:02:42

Health: 35/35      AC:  2    Str:  7    XL:     5   Next: 4%
Magic:  10/10      EV: 14    Int: 22    God:
Gold:   107        SH:  0    Dex: 11    Spells: 10/11 levels left

rFire   . . .        m - +2 short sword (elec)
rCold   . . .        (no shield)
rNeg    . . .        a - +0 robe
rPois   .            (no helmet)
rElec   .            (no cloak)
rCorr   .            (no gloves)
SInv    .            (no boots)
Will    .....        (no amulet)
Stlth   ++           (no ring)
HPRegen 0.25/turn    (no ring)
MPRegen 0.12/turn

%: no passive effects
@: no status effects
A: repulsion field 1, demonic guardian 1
a: no special abilities


You escaped.
You visited 1 branch of the dungeon, and saw 3 of its levels.

You collected 107 gold pieces.

Inventory:

Hand Weapons
 f - a +0 short sword
 m - a +2 short sword of electrocution (weapon)
Armour
 a - a +0 robe (worn)
Scrolls
 d - a scroll of blinking {unknown}
 h - a scroll of noise {unknown}
 j - 3 scrolls of enchant weapon {unknown}
 l - a scroll of fog {unknown}
 n - 2 scrolls of identify {unknown}
Potions
 b - a potion of magic
 c - a potion of haste {unknown}
 e - a potion of mutation {unknown}
 g - a potion of berserk rage {unknown}
 i - 2 potions of curing {unknown}
 k - a potion of resistance {unknown}
 o - a potion of enlightenment {unknown}
 p - a potion of heal wounds {unknown}


   Skills:
 - Level 1.7 Dodging
 - Level 1.7 Stealth
 + Level 3.7 Spellcasting
 + Level 5.3 Conjurations


You had 10 spell levels left.
You knew the following spells:

 Your Spells              Type           Power      Damage    Failure   Level
a - Magic Dart            Conj           100%       1d8       1%          1

Your spell library contained the following spells:

 Spells                   Type           Power      Damage    Failure   Level
 Searing Ray              Conj           54%        2d6       1%          2
 Dazzling Flash           Conj/Hex       30%        N/A       12%         3
 Fulminant Prism          Conj/Hex       7%         3d6       36%         4
 Iskenderun's Mystic Bla  Conj/Tloc      15%        2d5       36%         4


Dungeon Overview and Level Annotations

Branches:
Dungeon (3/15)

Altars:
Xom


Innate Abilities, Weirdness & Mutations

You are surrounded by a mild repulsion field. (EV +2)
A weak demonic guardian rushes to your aid.


Message History

Found 8 stones.
An ice beast is nearby!
An ice beast is nearby!
The magic dart hits the ice beast.
The ice beast is lightly wounded.
The magic dart hits the ice beast.
The ice beast is lightly wounded.
The magic dart hits the ice beast!
The ice beast is moderately wounded.
The magic dart hits the ice beast.
The ice beast is heavily wounded.
The magic dart hits the ice beast.
The ice beast is heavily wounded.
The magic dart hits the ice beast but does no damage.
The ice beast is heavily wounded.
The magic dart hits the ice beast.
The ice beast is heavily wounded.
The ice beast hits you. The ice beast freezes you.
You are too injured to fight recklessly!
You hit the ice beast.
Lightning courses through the ice beast!
You kill the ice beast!
Your Conjurations skill increases to level 5!
You have reached level 4!
You feel clever.
You have reached level 5!
Your demonic ancestry asserts itself...
You feel the presence of a demonic guardian.
Unknown command.
Unknown command.
There is a stone staircase leading up here.
You climb upwards.
There is a stone staircase leading down here.
There is a stone staircase leading up here.
You climb upwards.
There is a stone staircase leading down here.
HP restored.
Magic restored.
There is a staircase leading out of the dungeon here.
You have escaped!

#..### #.≈≈(≈≈.#
#....... #....#
#.≈≈§§≈§# #.######
#.##.# #.≈≈(§§§# #.#
# #.##.# #.≈≈≈≈≈.#
#.# # #.##.#
#..≈≈≈..# #.# #
##.##.# #.......# #.#
# ###..##.# #.......#
#.# ...#†##.##
#.......# #.#
#.###....#####..@..##
#.######
##.#.........########
##.......
#..##...##### #.#
#........ #..###.##
#.# #.####### #..#
### #.# #.# #..# #.#
#.####### #..#
#.#####.#...... #..#
####..............
#..#
#..........#.#####


There were no monsters in sight!

Vanquished Creatures
  An ice beast (D:3)
  A hound (D:3)
  A dart slug (D:1)
  An orc (D:3)
  2 ball pythons
  An endoplasm (D:2)
  3 goblins (D:2)
  2 hobgoblins (D:2)
  4 kobolds
  A quokka (D:3)
  4 frilled lizards
  2 rats
23 creatures vanquished.

Notes
Turn   | Place    | Note
-------+----------+-------------------------------------------
     0 | D:1      | Essalna the Demonspawn Conjurer began the quest for the
                  | Orb.
     0 | D:1      | Reached XP level 1. HP: 13/13 MP: 3/3
   737 | D:2      | Gained mutation: You are surrounded by a mild repulsion
                  | field. (EV +2) [demonic ancestry]
   737 | D:2      | Reached XP level 2. HP: 19/19 MP: 0/5
   910 | D:2      | Identified the +2 cloak of the Sunfish {rPois MP-9 Dex+7}
  1468 | D:2      | Found a shimmering altar of Xom.
  1660 | D:3      | Reached XP level 3. HP: 24/24 MP: 0/7
  1836 | D:3      | Noticed an ice beast
  1845 | D:3      | Killed an ice beast
  1846 | D:3      | Reached skill level 5 in Conjurations
  1846 | D:3      | Reached XP level 4. HP: 19/30 MP: 0/9
  1846 | D:3      | Gained mutation: A weak demonic guardian rushes to your
                  | aid. [demonic ancestry]
  1846 | D:3      | Reached XP level 5. HP: 22/35 MP: 0/10
  1948 | D:$      | Got out of the dungeon alive.

Illustrated notes

Levels and vault maps discovered:
D:1:      lemuel_arrival_lava_pool, layout_loops_ring
D:2:      layout_loops_ring, basic_altar
D:3:      layout_basic, nicolae_sif_muna_condensation, grunt_decor_cap

Skill      XL: |  1  2  3 |
---------------+----------+-----
Spellcasting   | 3 |  3.7
Conjurations   | 5 |  5.3
Dodging        | |  1.7
Stealth        | |  1.7

Action                     |  1- 3 |  4- 6 || total
---------------------------+-------+-------++-------
  Melee: Short sword       |    12 |       ||    12
         Punch             |     1 |       ||     1
   Cast: Magic Dart        |    45 |       ||    45
 Armour: Robe              |     4 |       ||     4
  Dodge: Dodged            |    12 |       ||    12

Table legend: (Time is in decaauts)
 A = Elapsed time spent in this place.
 B = Non-inter-level travel time spent in this place.
 C = Inter-level travel time spent in this place.
 D = Time resting spent in this place.
 E = Time spent auto-exploring this place.
 F = Levels seen in this place.
 G = Mean time per level.
                   A        B        C        D        E       F      G
               +--------+--------+--------+--------+--------+-----+--------+
         Total |   1947 |   1806 |    141 |      0 |   1660 |   3 |  649.0 |
       Dungeon |   1947 |   1806 |    141 |      0 |   1660 |   3 |  649.0 |
               +--------+--------+--------+--------+--------+-----+--------+

Top non-repeatable levels by time:
     D:2: 834 daAuts
     D:1: 792 daAuts
     D:3: 320 daAuts
